 Dungeon Crawl Stone Soup version 0.29-a0-870-g2c972031a6 (webtiles) character file.

Game seed: 17222112614916943931

142 concernfroge the Trooper (level 5, 0/46 HPs)
             Began as a Mummy Monk on July 17, 2022.
             Slain by an orc wizard
             ... wielding a +0 dagger
              (3 damage)
             ... on level 3 of the Dungeon.
             The game lasted 00:07:06 (2562 turns).

concernfroge the Trooper (Mummy Monk)               Turns: 2562, Time: 00:07:07

Health: 0/46       AC: 16    Str: 16    XL:     5   Next: 3%
Magic:  5/5        EV: 11    Int: 10    God:
Gold:   176        SH:  0    Dex: 14    Spells: 4/4 levels left

rFire   x . .      SeeInvis +   b - +1 long sword (protect)
rCold   + . .      Faith    .   (no shield)
rNeg    + + +      Spirit   .   i - +0 ring mail
rPois   ∞          Reflect  .   (no helmet)
rElec   .          Harm     .   (no cloak)
rCorr   .          Rampage  .   (no gloves)
Will    .....                   (no boots)
Stlth   ..........              (no amulet)
HPRegen 0.15/turn               e - ring of see invisible
MPRegen 0.09/turn               k - +4 ring of protection

@: confused, under a protective aura
A: cold resistance 1, negative energy resistance 3, torment resistance 2, heat
vulnerability 1, in touch with death 1, no potions
a: no special abilities


You were on level 3 of the Dungeon.
You visited 1 branch of the dungeon, and saw 3 of its levels.

You collected 176 gold pieces.

Inventory:

Hand Weapons
 b - a +1 long sword of protection (weapon)
Armour
 i - a +0 ring mail (worn)
Jewellery
 e - a ring of see invisible (left hand)
 k - a +4 ring of protection (right hand)
Scrolls
 a - a scroll of amnesia
 c - 3 scrolls of teleportation
 d - a scroll of noise {unknown}
 f - a scroll of enchant armour
 g - a scroll of torment


   Skills:
 + Level 5.8 Fighting
 - Level 2.4 Polearms
 - Level 2.4 Dodging
 - Level 1.5 Stealth


You had 4 spell levels left.
You didn't know any spells.
Your spell library contained the following spells:

 Spells                   Type           Power      Damage    Failure   Level
 Sandblast                Erth           0%         2d4       58%         1
 Passwall                 Tmut/Erth      0%         N/A       73%         2
 Stone Arrow              Conj/Erth      0%         3d7       91%         3


Dungeon Overview and Level Annotations

Branches:
Dungeon (3/15)

Altars:


Innate Abilities, Weirdness & Mutations

You are immune to poison.
Your flesh is cold resistant. (rC+)
You are immune to negative energy. (rN+++)
You are immune to unholy pain and torment.
You are vulnerable to heat. (rF-)
You are in touch with the powers of death.
You do not drink.


Message History

The orc wizard is lightly wounded.
The orc wizard points at you and mumbles some strange words.
The magic dart hits you but does no damage.
You barely miss the orc wizard.
The orc wizard is lightly wounded.
The orc wizard closely misses you.
The orc wizard hits you but does no damage.
You closely miss the orc wizard.
The orc wizard is lightly wounded.
The orc wizard completely misses you.
You barely miss the orc wizard.
The orc wizard is lightly wounded.
The orc wizard hits you but does no damage.
You closely miss the orc wizard.
The orc wizard is lightly wounded.
The orc wizard casts a spell at you. The magic dart hits you.
The orc priest mumbles some strange prayers to Beogh against you.
Beogh smites you! The orc wizard casts a spell at you.
You are confused.
You are too confused!
You are too confused!
You completely miss the orc wizard.
The orc wizard is lightly wounded.
The orc wizard points at you and mumbles some strange words.
You are more confused.
The orc priest calls down the wrath of Beogh upon you.
Beogh smites you!
* * * LOW HITPOINT WARNING * * *
You hit the orc wizard.
Your weapon exudes an aura of protection.
The orc wizard is moderately wounded.
The orc wizard closely misses you.
The orc priest looks satisfied for a moment.
The orc wizard hits you but does no damage.
You miss the orc wizard.
The orc wizard is moderately wounded.
The orc wizard hits you with a +0 dagger.
You die...

######### ........#
#################
..######'###...............#
.[.......o##...............#
.........oo@................
#.........##................
#...####'#####.)..#.......).
### #...# #...............#
#.g.+ +...............#
######..o###...............#
............................#
########....##...#..........#
o.........#.#....##...


You could see an orc priest, an orc wizard (invisible) and an orc.

Vanquished Creatures
  Natasha (twice) (D:2)
  3 adders (D:2)
  A worm (D:3)
  2 dart slugs
  2 bats
  9 endoplasms
  2 giant cockroaches
  A goblin (D:1)
  8 hobgoblins
  8 jackals
  A quokka (D:1)
  5 ball pythons
  3 frilled lizards
  4 kobolds
  3 rats
54 creatures vanquished.

Vanquished Creatures (others)
  A demonic plant (D:1)
  A withered plant (D:1)
2 creatures vanquished.

Grand Total: 56 creatures vanquished

Notes
Turn   | Place    | Note
-------+----------+-------------------------------------------
     0 | D:1      | concernfroge the Mummy Monk began the quest for the Orb.
     0 | D:1      | Reached XP level 1. HP: 18/18 MP: 1/1
   103 | D:1      | Found a faded altar of an unknown god.
   108 | D:1      | Reached XP level 2. HP: 23/24 MP: 2/2
   544 | D:1      | Reached skill level 4 in Fighting
   811 | D:1      | Gained mutation: You are in touch with the powers of death.
                  | [Mummy growth]
   811 | D:1      | Reached XP level 3. HP: 25/30 MP: 3/3
  1679 | D:2      | Noticed Natasha
  1705 | D:2      | Killed Natasha
  1706 | D:2      | Reached skill level 5 in Fighting
  1706 | D:2      | Reached XP level 4. HP: 27/39 MP: 4/4
  2205 | D:2      | Noticed Natasha
  2214 | D:2      | Killed Natasha
  2479 | D:3      | Reached XP level 5. HP: 45/46 MP: 5/5
  2562 | D:3      | Slain by an orc wizard

Illustrated notes

Levels and vault maps discovered:
D:1:      dpeg_arrival_connections, layout_loops_ring,
          shapermc_ecumenical_altar_gd
D:2:      layout_basic, minmay_vboxes, uniq_natasha
D:3:      layout_basic, gup_sewer_entry_bubbles

Skill      XL: |  1  2  3 |
---------------+----------+-----
Fighting       | 4 5 |  5.8
Polearms       | |  2.4
Dodging        | |  2.4
Stealth        | |  1.5

Action                   |  1- 3 |  4- 6 || total
-------------------------+-------+-------++-------
Melee: Spear             |    84 |       ||    84
       Long sword        |    52 |    75 ||   127
       Punch             |       |     1 ||     1
  Use: Scroll            |       |     7 ||     7
 Stab: Sleeping          |     4 |       ||     4
Armor: Robe              |     6 |       ||     6
       Ring mail         |    20 |    41 ||    61
Dodge: Dodged            |    75 |    59 ||   134

Table legend: (Time is in decaauts)
 A = Elapsed time spent in this place.
 B = Non-inter-level travel time spent in this place.
 C = Inter-level travel time spent in this place.
 D = Time resting spent in this place.
 E = Time spent auto-exploring this place.
 F = Levels seen in this place.
 G = Mean time per level.
                   A        B        C        D        E       F      G
               +--------+--------+--------+--------+--------+-----+--------+
         Total |   2616 |   2436 |    180 |      0 |   1938 |   3 |  872.0 |
       Dungeon |   2616 |   2436 |    180 |      0 |   1938 |   3 |  872.0 |
               +--------+--------+--------+--------+--------+-----+--------+

Top non-repeatable levels by time:
     D:1: 1307 daAuts
     D:2: 1039 daAuts
     D:3: 269 daAuts
